[Event "*** SCC Grand Prix: Titled Tuesday Blitz"]
[Site "Chess.com"]
[Date "2020.06.02"]
[Round "4"]
[White "blitzking1729"]
[Black "Arjun2002"]
[Result "1/2-1/2"]
[WhiteElo "2469"]
[BlackElo "2641"]
[TimeControl "180+1"]
[EndTime "10:42:42 PDT"]
[Termination "Game drawn by repetition"]

1. c4 c6 2. d4 d5 3. Nf3 Nf6 4. Qc2 g6 5. Bf4 Bg7 6. e3 O-O 7. Nc3 c5 8. dxc5 Qa5 9. Nd2 dxc4 10. Nxc4 Qxc5 11. Be2 Nc6 12. O-O Nh5 13. Ne4 Qd5 14. Rad1 Nxf4 15. Rxd5 Nxd5 16. Rd1 Nf6 17. Nc3 Be6 18.
Qa4 Rac8 19. Na5 a6 20. Nxb7 Nd7 21. Bxa6 Rc7 22. Nb5 Nb6 23. Qc2 Rcc8 24. Qd2 Nb8 25. Qa5 Nc4 26. Qe1 Nxa6 27. b3 Nb2 28. Rb1 Rb8 29. Nd4 Bxd4 30. exd4 Nd3 31. Qe4 Nab4 32. Nc5 Bd5 33. Qe3 Nxc5 34. dxc5 e6 35. a3 Nc6 36.
Qc3 Na7 37. b4 Nb5 38. Qc1 Ra8 39. Ra1 Ra4 40. Kh1 Rfa8 41. Qf1 Nxa3 42. h3 Nc4 43. Rxa4 Rxa4 44. b5 Ra5 45. b6 Rxc5 46. Qb1 Rc8 47. b7 Rb8 48. Qb4 Rxb7 49. Qc5 Rb1+ 50. Kh2 Rb8 51.
Qc7 Ra8 52. Qc5 Ne5 53. Qd4 Nd7 54. Qe3 h5 55. f3 Kg7 56. h4 Nf6 57. Qd4 Rc8 58.
g4 Rc4 59. Qe5 hxg4 60. h5 gxf3 61. h6+ Kxh6 62. Qxf6 f2 63. Qxf2 Kg7 64. Qb2+ Kg8 65.
Kg3 Re4 66. Qb8+ Kg7 67. Kf2 g5 68. Qb2+ Kg6 69. Qc3 g4 70. Qc8 f5 71. Qg8+ Kf6 72.
Qf8+ Ke5 73. Qg7+ Kd6 74. Qf8+ Kc6 75. Qc8+ Kb5 76. Qb8+ Kc4 77. Qc7+ Kd3 78. Qb6 Re2+ 79. Kf1 Rc2 80. Ke1 Rc1+ 81. Kf2 Rc2+ 82. Kg3 Rc3 83. Kf4 Rc4+ 84. Kg3 Bf3 85. Qd6+ Kc3 86. Qxe6 f4+ 87. Kf2 Rd4 88. Qe5 Kc4 89. Qe6+ Kc3 90. Qe5 Kd3 91.
Qf5+ Kc4 92. Qe6+ Kd3 93. Qf5+ Kd2 94. Qe5 Rd3 95. Qxf4+ Kc2 96. Qc4+ Rc3 97. Qa4+ Kb2 98. Qb4+ Kc2 99. Qa4+ Kb2 100. Qb4+ Kc2 101. Qa4+ 1/2-1/2

[Event "*** SCC Grand Prix: Titled Tuesday Blitz"]
[Site "Chess.com"]
[Date "2020.06.02"]
[Round "4"]
[White "gross-aleks"]
[Black "Bulldog167"]
[Result "0-1"]
[WhiteElo "2555"]
[BlackElo "2766"]
[TimeControl "180+1"]
[EndTime "10:42:49 PDT"]
[Termination "Bulldog167 won by checkmate"]

1. c4 g6 2. Nc3 Bg7 3. g3 e5 4. Bg2 Nc6 5. Rb1 a5 6. d3 d6 7. Bd2 Nf6 8. Nf3 O-O 9. O-O h6 10.
Nd5 Nxd5 11. cxd5 Ne7 12. Ne1 c6 13. dxc6 Nxc6 14. Bd5 Ne7 15. Bg2 d5 16. Nc2 Nc6 17. b4 axb4 18. Nxb4 Be6 19. Nxc6 bxc6 20. Bb4 Re8 21. Qc2 Qd7 22. Rfc1 Ra6 23. a4 Rea8 24. Ra1 Bf8 25. Bxf8 Kxf8 26. Qc3 Qd6 27. a5 Kg7 28. f4 f6 29. fxe5 Qxe5 30. Qxe5 fxe5 31. Rc5 Kf6 32. e3 Ke7 33. d4 Kd6 34. Bf1 R6a7 35. a6 Bc8 36.
Rac1 Bd7 37. dxe5+ Kxe5 38. Bd3 g5 39. Rb1 Kd6 40.
Rcc1 Bc8 41. Rb6 Rc7 42. Kf2 Rf7+ 43. Ke2 Bg4+ 44. Ke1 Rc7 45. Kd2 Bd7 46. Kc3 Kc5 47. Rb2 Rcc8 48. Rb7 Rd8 49. Kd2+ Kd6 50. Rb6 Kc7 51.
Rb7+ Kd6 52. Rb6 Rf8 53. Kc3 Kc5 54. Rb7 Bc8 55. Kb3+ Kd6 56. Rh7 Rf6 57. Rh8 d4 58. Kb4 dxe3 59. Bc4 c5+ 60. Ka5 Kc7 61. Rh7+ Kd6 62. Rd1+ Ke5 63. Rd5+ Ke4 64. Re7+ Kf3 65. Rxc5 Bxa6 66. Bd5+ Kf2 67. Bxa8 Bf1 68. Rce5 Ra6+ 69. Kb4 Rxa8 70. Rxe3 Ra2 71. Kc5 Kg1 72. h4 gxh4 73. gxh4 Rh2 74. Rg7+ Kf2 75. Re4 Bg2 76. Rf4+ Bf3 77.
Kd4 Ke2 78. Ke5 h5 79. Kf5 Bg4+ 80. Kg5 Ke3 81. Re7+ Kd3 82. Rxg4 hxg4 83. Kxg4 Rg2+ 84. Kh5 Kd4 85. Kh6 Kd5 86. h5 Kd6 87. Rg7 Rh2 88. Kg6 Ke6 89. h6 Rg2+ 90. Kh7 Rh2 91. Rg3 Kf7 92. Rf3+ Ke7 93. Rf1 Rh3 94. Kg7 Rg3+ 95. Kh7 Rg2 96. Rf5 Rg3 97. Kh8 Rg2 98. h7 Rg1 99.
Rb5 Rg2 100. Rb7+ Kf8 101. Rb5 Kf7 102. Rf5+ Ke7 103. Rf3 Rg1 104. Rf4 Rg2 105. Re4+ Kf7 106. Rf4+ Ke7 107. Rh4 Kf7 108. Rh6 Ra2 109. Rh4 Ra8# 0-1

[Event "*** SCC Grand Prix: Titled Tuesday Blitz"]
[Site "Chess.com"]
[Date "2020.06.02"]
[Round "4"]
[White "Haykoooo0o"]
[Black "Bigfish1995"]
[Result "1/2-1/2"]
[WhiteElo "2567"]
[BlackElo "2989"]
[TimeControl "180+1"]
[EndTime "10:45:08 PDT"]
[Termination "Game drawn by 50-move rule"]

1. d4 a6 2. Nf3 b5 3. a4 b4 4. e4 Bb7 5. Bd3 g6 6. h4 h5 7. Nbd2 Bg7 8. Qe2 a5 9. c3 c5 10. dxc5 Na6 11. Nb3 bxc3 12. O-O Nb4 13. bxc3 Nxd3 14.
Qxd3 Ba6 15. c4 Bxa1 16. Nxa1 Nf6 17. Nb3 Bb7 18. Re1 Qc7 19. e5 Ng4 20. Bf4 Bxf3 21. Qxf3 Qc6 22. Nd4 Qxf3 23. gxf3 Nh6 24. Rb1 Nf5 25.
Nxf5 gxf5 26. Rb7 Rg8+ 27. Kf1 Rg6 28. Ke2 Rc6 29. Be3 f4 30. Bd4 f6 31. exf6 e5 32. Bc3 Rxc5 33. Kd3 Rac8 34. Rb5 d6 35. Rb7 Rxc4 36.
Bxa5 Rxa4 37. Re7+ Kf8 38. Bc7 Rd4+ 39. Ke2 Re8 40.
Rh7 Re6 41. Bd8 Ra4 42. Be7+ Ke8 43. Rh8+ Kf7 44. Rxh5 Ra2+ 45. Kf1 Ra8 46. Rh7+ Kg6 47.
Rg7+ Kh6 48. Kg2 d5 49. Kh3 d4 50. Kg4 d3 51. Kf5 d2 52. Rg1 Rc6 53. Rd1 e4 54.
Kxf4 exf3 55. Kxf3 Kg6 56. Rxd2 Rc3+ 57. Kg2 Ra4 58. Re2 Rg4+ 59. Kf1 Rxh4 60. Re1 Rh1+ 61. Ke2 Rc2+ 62. Kd1 Rc1+ 63. Kxc1 Rxe1+ 64. Kd2 Re6 65. Kd3 Kf7 66. Kd2 Ra6 67. Kd3 Ke6 68. Ke3 Ra2 69.
Kf3 Rc2 70. Kg3 Rc4 71. f3 Rd4 72. Kf2 Kf7 73. Ke3 Ra4 74. Kf2 Kg6 75. Ke3 Ra5 76. Ke4 Rf5 77. f4 Ra5 78. Kf3 Rb5 79. Ke3 Rb3+ 80. Kd4 Rb1 81. Ke5 Re1+ 82. Kd4 Kf7 83. Kd5 Re2 84. Kd4 Ke6 85. Kd3 Re1 86. Kd4 Ra1 87.
Ke4 Ra5 88. Kf3 Ra4 89. Kg4 Kf7 90. Kg5 Ra1 91. Kf5 Re1 92. Kg5 Re4 93. Kf5 Re3 94. Kg5 Ke6 95. f5+ Kf7 96. Kf4 Rb3 97.
Kg5 Rb1 98. Kf4 Rg1 99. Ke5 Ke8 100. Kf4 Rf1+ 101. Ke5 Kf7 102. Ke4 Rf2 103. Ke5 Re2+ 104. Kf4 Re1 105. Kg5 Rb1 106. Kf4 Rc1 107. Kg5 Rc4 108.
Kh5 Re4 109. Kg5 Kg8 110. Kg6 Rg4+ 111. Kh5 Rg1 112. Kh4 Kf7 113. Kh3 Rg5 114. Kh4 Rxf5 115. Kg4 Kg6 116. Kg3 Rf1 117. Kg4 Rf2 118. Kg3 Rb2 119. Kg4 Rb5 120. Kf4 Rf5+ 121. Ke4 Rf1 122. Ke5 Kf7 123. Ke4 Ke6 124. Kd4 Rf4+ 125. Ke3 Ra4 126. Kd3 Rf4 127. Ke3 Rf1 128. Ke2 Rf5 129. Ke3 Kd5 130. Kd3 Rf3+ 131. Ke2 Ke4 132. Ke1 Kd3 133. Bd8 Rf4 134. Be7 Rf5 135. Bd8 Rf4 136. Be7 Ke3 137. Bc5+ Kf3 138. Be7 Ke3 139. Bc5+ Ke4 140. Be7 Kd3 141. Bd6 Rd4 142. Be7 Re4+ 143. Kf2 Rf4+ 144. Kg3 Ke3 145. Bc5+ Ke4 146. Be7 Rf1 147. Kg4 Rg1+ 148. Kh5 Kf5 149. Kh4 Kg6 150. Kh3 Rg5 151. Kh4 Rg2 152. Kh3 Ra2 153. Kg3 Ra4 154. Kf3 Rc4 155.
Ke3 Rc6 156. Kd3 Re6 157. Kd4 Re1 158. Kd5 Kf7 159. Kd6 Rd1+ 160. Ke5 Rd2 161. Kf5 Rd5+ 162. Ke4 Ke6 163. Kf4 Rf5+ 164. Ke4 Rf1 1/2-1/2

[Event "*** SCC Grand Prix: Titled Tuesday Blitz"]
[Site "Chess.com"]
[Date "2020.06.02"]
[Round "5"]
[White "OrtizMarcos"]
[Black "PlayChessSimple"]
[Result "0-1"]
[WhiteElo "2329"]
[BlackElo "2516"]
[TimeControl "180+1"]
[EndTime "10:53:34 PDT"]
[Termination "PlayChessSimple won by resignation"]

1. e4 e6 2. d4 d5 3. Nc3 Nf6 4. e5 Nfd7 5. f4 c5 6. Nf3 Nc6 7. Be3 Qb6 8. Na4 Qa5+ 9. c3 cxd4 10. b4 Qc7 11. Nxd4 a6 12. Nb2 Ncxe5 13. fxe5 Qxc3+ 14. Qd2 Bxb4 15. Nd1 Qa3 0-1

[Event "*** SCC Grand Prix: Titled Tuesday Blitz"]
[Site "Chess.com"]
[Date "2020.06.02"]
[Round "5"]
[White "Pechen_Yeltsina"]
[Black "GaboSalazar2001"]
[Result "1-0"]
[WhiteElo "2704"]
[BlackElo "2256"]
[TimeControl "180+1"]
[EndTime "10:53:49 PDT"]
[Termination "Pechen_Yeltsina won by resignation"]

1. e4 c5 2. Nf3 d6 3. g3 Nf6 4.
d3 Nc6 5. Bg2 g6 6. O-O Bg7 7.
Nbd2 O-O 8. a4 Rb8 9. Nc4 Be6 10.
Re1 a6 11. e5 dxe5 12. Ncxe5 Bd5 13. Nxc6 Bxc6 14. Bf4 Nd5 15. Bxb8 Qxb8 16. c3 Rd8 17. Nd2 b5 18. axb5 axb5 19. Nb3 Qd6 20. Ra6 Nc7 1-0

[Event "*** SCC Grand Prix: Titled Tuesday Blitz"]
[Site "Chess.com"]
[Date "2020.06.02"]
[Round "5"]
[White "MacDaddyMac"]
[Black "PattyCastillo"]
[Result "1-0"]
[WhiteElo "2272"]
[BlackElo "1918"]
[TimeControl "180+1"]
[EndTime "10:53:59 PDT"]
[Termination "MacDaddyMac won by resignation"]

1. e4 c5 2. Nc3 Nc6 3. f4 d6 4. Nf3 g6 5. Bb5 Bg7 6. O-O Bd7 7. d3 Nf6 8. Qe1 O-O 9. Qh4 a6 10. Bxc6 Bxc6 11. f5 b5 12. Bh6 b4 13. Ne2 a5 14.
Ng5 Re8 15. fxg6 fxg6 16. Bxg7 Kxg7 17. Rxf6 Kxf6 18. Rf1+ 1-0

[Event "*** SCC Grand Prix: Titled Tuesday Blitz"]
[Site "Chess.com"]
[Date "2020.06.02"]
[Round "5"]
[White "tsaruk_maks"]
[Black "krasavetc"]
[Result "1-0"]
[WhiteElo "2608"]
[BlackElo "2249"]
[TimeControl "180+1"]
[EndTime "10:54:04 PDT"]
[Termination "tsaruk_maks won by checkmate"]

1. e4 e6 2. d4 d5 3. Nd2 dxe4 4. Nxe4 Nf6 5. Nxf6+ Qxf6 6. Nf3 h6 7. Bd3 Nc6 8.
b3 Bd7 9. Bb2 Bb4+ 10. c3 Ba5 11. b4 Bb6 12. a4 a6 13. O-O O-O 14. Qe2 Ne7 15. Ne5 Be8 16. Qe4 Nf5 17. g4 Bc6 18.
Nxc6 bxc6 19. gxf5 Qg5+ 20. Kh1 exf5 21. Qxf5 Qd2 22.
Qh7# 1-0

[Event "*** SCC Grand Prix: Titled Tuesday Blitz"]
[Site "Chess.com"]
[Date "2020.06.02"]
[Round "5"]
[White "Rakesh"]
[Black "x-0414717230"]
[Result "1-0"]
[WhiteElo "2361"]
[BlackElo "2594"]
[TimeControl "180+1"]
[EndTime "10:54:05 PDT"]
[Termination "Rakesh won by resignation"]

1. e4 c5 2. c3 Nf6 3. e5 Nd5 4. d4 cxd4 5. Nf3 Nc6 6. cxd4 d6 7. Bc4 Nb6 8. Bb3 dxe5 9. d5 Nd4 10. Nxd4 exd4 11.
Qxd4 e6 12. Nc3 exd5 13. O-O Be6 14. Re1 Be7 15. Qxg7 Bf6 16. Qg3 h5 17. Nb5 h4 18.
Qf4 Kf8 19. Bd2 Bxb2 20. Bb4+ Kg8 21. Rad1 Qf6 22. Qc7 h3 23. Re3 Rh6 24. Bc2 hxg2 25.
Rg3+ Kh8 26. Be7 Qf5 27. Bxf5 1-0

[Event "*** SCC Grand Prix: Titled Tuesday Blitz"]
[Site "Chess.com"]
[Date "2020.06.02"]
[Round "5"]
[White "c63_amg"]
[Black "mohssenbinaddi"]
[Result "1-0"]
[WhiteElo "2689"]
[BlackElo "2073"]
[TimeControl "180+1"]
[EndTime "10:54:08 PDT"]
[Termination "c63_amg won by resignation"]

1. e4 c6 2. d4 d5 3. e5 Bf5 4. h4 h5 5. Bd3 Bxd3 6. Qxd3 Qb6 7. e6 Nf6 8. exf7+ Kxf7 9. Nf3 Ne4 10. Nbd2 Rh6 11. Nxe4 dxe4 12. Qxe4 Re6 1-0

[Event "*** SCC Grand Prix: Titled Tuesday Blitz"]
[Site "Chess.com"]
[Date "2020.06.02"]
[Round "5"]
[White "ChessicallyInclined"]
[Black "Kolle05"]
[Result "1-0"]
[WhiteElo "2534"]
[BlackElo "2378"]
[TimeControl "180+1"]
[EndTime "10:54:10 PDT"]
[Termination "ChessicallyInclined won by resignation"]

1. d4 Nf6 2. c4 e6 3. Nc3 Bb4 4. e3 b6 5. Ne2 Ne4 6. Bd2 Bb7 7. Nxe4 Be7 8. N4c3 O-O 9. Nf4 d6 10. Bd3 Nd7 11.
O-O Bg5 12. Be4 Bxe4 13. Nxe4 Bxf4 14. exf4 f5 15. Ng5 Qf6 16. Bc3 d5 17. Re1 Rfe8 18.
Qa4 1-0

[Event "*** SCC Grand Prix: Titled Tuesday Blitz"]
[Site "Chess.com"]
[Date "2020.06.02"]
[Round "5"]
[White "ferdipy"]
[Black "picturesquecheck"]
[Result "1-0"]
[WhiteElo "2345"]
[BlackElo "2116"]
[TimeControl "180+1"]
[EndTime "10:54:30 PDT"]
[Termination "ferdipy won by resignation"]

1. e4 c5 2. d4 cxd4 3. c3 d5 4. exd5 Qxd5 5. cxd4 Nc6 6. Nf3 e5 7. Nc3 Bb4 8. Be2 exd4 9. O-O Bxc3 10. bxc3 Nf6 11.
Ba3 Be6 12. cxd4 O-O-O 13. Rb1 Kb8 14. Qa4 Nd7 15. Rb5 Nb6 16. Qc2 Rc8 17. Rxd5 1-0

[Event "*** SCC Grand Prix: Titled Tuesday Blitz"]
[Site "Chess.com"]
[Date "2020.06.02"]
[Round "5"]
[White "Fandorine"]
[Black "platy3"]
[Result "1/2-1/2"]
[WhiteElo "2908"]
[BlackElo "2742"]
[TimeControl "180+1"]
[EndTime "10:54:32 PDT"]
[Termination "Game drawn by agreement"]

1. e4 c5 2. Nf3 Nc6 3. Bb5 g6 4. O-O Bg7 5. c3 Nf6 6. Re1 O-O 7. h3 d6 8. d4 Bd7 9. dxc5 dxc5 10. Nbd2 Ne5 11. Bxd7 Nfxd7 12. Qe2 Rc8 13. Nxe5 Nxe5 14.
Nc4 Qd3 15. Nxe5 1/2-1/2

[Event "*** SCC Grand Prix: Titled Tuesday Blitz"]
[Site "Chess.com"]
[Date "2020.06.02"]
[Round "5"]
[White "Vitor-Moraes"]
[Black "Cambek64"]
[Result "0-1"]
[WhiteElo "2014"]
[BlackElo "2258"]
[TimeControl "180+1"]
[EndTime "10:54:44 PDT"]
[Termination "Cambek64 won by resignation"]

1. e4 c5 2. Nc3 Nc6 3. Bb5 Nd4 4. Bc4 g6 5. Nge2 Bg7 6. O-O e6 7. d3 Ne7 8. Nxd4 cxd4 9. Ne2 O-O 10. f4 d5 11. Bb3 b6 12. e5 Nf5 13. Rf3 h5 14. Qe1 b5 15. Qf2 Qb6 16. h3 h4 17. g4 hxg3 18.
Nxg3 Nh4 19. Bd2 Nxf3+ 20. Qxf3 f6 21. Re1 fxe5 22. Rxe5 Bxe5 0-1

[Event "*** SCC Grand Prix: Titled Tuesday Blitz"]
[Site "Chess.com"]
[Date "2020.06.02"]
[Round "5"]
[White "RaunakSadhwani2005"]
[Black "xamax2000"]
[Result "1-0"]
[WhiteElo "2884"]
[BlackElo "2641"]
[TimeControl "180+1"]
[EndTime "10:54:59 PDT"]
[Termination "RaunakSadhwani2005 won by resignation"]

1. e4 c5 2. Nc3 d6 3. d4 cxd4 4. Qxd4 Nc6 5. Qd2 g6 6. b3 Bh6 7. f4 f5 8. Bb2 Nf6 9. Bd3 Rf8 10.
Nge2 Qa5 11. exf5 Bxf5 12. Bxf5 gxf5 13. O-O-O Rc8 14. Kb1 Bg7 15. Rhe1 Nb4 16. a3 Ne4 17. Nxe4 Rxc2 18. Nxd6+ 1-0

[Event "*** SCC Grand Prix: Titled Tuesday Blitz"]
[Site "Chess.com"]
[Date "2020.06.02"]
[Round "5"]
[White "lelajavakhishvili"]
[Black "LileKoridze"]
[Result "1-0"]
[WhiteElo "2496"]
[BlackElo "2309"]
[TimeControl "180+1"]
[EndTime "10:55:01 PDT"]
[Termination "lelajavakhishvili won by resignation"]

1. Nf3 Nf6 2. g3 d5 3. Bg2 c5 4. O-O Nc6 5. c4 d4 6. e3 g6 7. exd4 cxd4 8. d3 Bg7 9. a3 O-O 10. b4 Nd7 11. b5 Ncb8 12. Nbd2 a6 13. Nb3 axb5 14. cxb5 Qb6 15. a4 e5 16. Nfd2 Nc5 17. Nxc5 Qxc5 18. Ba3 Qc7 19. Bxf8 Bxf8 20. Qc1 Qd8 21.
a5 Be6 22. a6 Bd5 23. Bxd5 Qxd5 24. Qc4 Qd7 25. a7 1-0

[Event "*** SCC Grand Prix: Titled Tuesday Blitz"]
[Site "Chess.com"]
[Date "2020.06.02"]
[Round "5"]
[White "isainz"]
[Black "Cecile-Haussernot"]
[Result "0-1"]
[WhiteElo "2138"]
[BlackElo "2351"]
[TimeControl "180+1"]
[EndTime "10:55:01 PDT"]
[Termination "Cecile-Haussernot won by resignation"]

1. e4 c5 2. Nf3 d6 3. d4 cxd4 4. Qxd4 Nf6 5. c4 Nc6 6. Qe3 g6 7. Nc3 Bg7 8. h3 O-O 9. Be2 Nb4 10. Qd2 Be6 11. O-O Rc8 12. a3 Na6 13. Nd5 Nxe4 14.
Qe3 Nf6 15. Nxf6+ Bxf6 16. Qxa7 Nc5 0-1

[Event "*** SCC Grand Prix: Titled Tuesday Blitz"]
[Site "Chess.com"]
[Date "2020.06.02"]
[Round "5"]
[White "Korchmar_Vasiliy"]
[Black "Smile2005"]
[Result "1-0"]
[WhiteElo "2587"]
[BlackElo "2408"]
[TimeControl "180+1"]
[EndTime "10:55:03 PDT"]
[Termination "Korchmar_Vasiliy won by resignation"]

1. d4 Nf6 2. c4 g6 3. Nc3 Bg7 4. e4 O-O 5. Nf3 d6 6. h3 e5 7. d5 Ne8 8. g4 f5 9. gxf5 gxf5 10. exf5 Bxf5 11. Rg1 Kh8 12. Bd3 e4 13. Nxe4 Bxe4 14. Bxe4 Nf6 15. Bc2 Re8+ 16. Be3 Qe7 17. Ng5 Qe5 18.
Nf7+ 1-0

[Event "*** SCC Grand Prix: Titled Tuesday Blitz"]
[Site "Chess.com"]
[Date "2020.06.02"]
[Round "5"]
[White "MITerryble"]
[Black "Oneofmyturns"]
[Result "1-0"]
[WhiteElo "2817"]
[BlackElo "2615"]
[TimeControl "180+1"]
[EndTime "10:55:08 PDT"]
[Termination "MITerryble won by resignation"]

1. Nf3 d5 2. e3 Nf6 3. c4 e6 4. b3 c6 5. Bb2 Bd6 6. Qc2 Nbd7 7. Nc3 O-O 8. Be2 Re8 9. O-O b6 10. cxd5 exd5 11. Nd4 Bb7 12. Nf5 Bf8 13. d4 g6 14.
Ng3 h5 15. Bf3 Rc8 16. Rfe1 Qc7 17. Rac1 Qb8 18. Nf1 Bh6 19. Rcd1 Bg7 20. h3 Ne4 21. Nxe4 dxe4 22. Bxe4 c5 23. Bxb7 Qxb7 24. d5 c4 25.
Bxg7 cxb3 26. Qb2 1-0

[Event "*** SCC Grand Prix: Titled Tuesday Blitz"]
[Site "Chess.com"]
[Date "2020.06.02"]
[Round "5"]
[White "Kavyev_Ruslan"]
[Black "Boninknights"]
[Result "0-1"]
[WhiteElo "2532"]
[BlackElo "2402"]
[TimeControl "180+1"]
[EndTime "10:55:10 PDT"]
[Termination "Boninknights won by resignation"]

1. d4 Nf6 2. c4 g6 3. Nc3 Bg7 4.
e4 d6 5. Be2 c5 6. d5 e6 7. Nf3 exd5 8. cxd5 O-O 9. Nd2 Re8 10.
O-O Na6 11. f3 Nc7 12. a4 b6 13. Qc2 Qd7 14. Re1 Rb8 15. Nb5 a6 16. Nxc7 Qxc7 17.
Nc4 b5 18. axb5 axb5 19. Na5 Bd7 20. Bf4 Ra8 21. b4 Qb6 22. Be3 Nxd5 23. exd5 Bxa1 24. Bf2 Bd4 25. Bxd4 cxd4 26. Qd3 Bf5 27. Qd2 d3+ 0-1

[Event "*** SCC Grand Prix: Titled Tuesday Blitz"]
[Site "Chess.com"]
[Date "2020.06.02"]
[Round "5"]
[White "pedro_nascimento85"]
[Black "Sjakkerntobi"]
[Result "1-0"]
[WhiteElo "1945"]
[BlackElo "2258"]
[TimeControl "180+1"]
[EndTime "10:55:14 PDT"]
[Termination "pedro_nascimento85 won by resignation"]

1. d4 Nf6 2. c4 e6 3. Nc3 Bb4 4. e3 O-O 5. Ne2 c5 6. a3 Bxc3+ 7. Nxc3 Nc6 8. d5 Ne5 9. Be2 exd5 10. cxd5 d6 11.
O-O a6 12. a4 Bg4 13. Bxg4 Nexg4 14. h3 Ne5 15. e4 Rb8 16. Bg5 h6 17. Bh4 g5 18.
Bg3 Ng6 19. f4 gxf4 20. Bxf4 Kh7 21. Qd2 Nxf4 22. Qxf4 Ne8 23. Qf5+ Kh8 24. Rf4 Qg5 25. Raf1 Kg7 26. Rg4 1-0

[Event "*** SCC Grand Prix: Titled Tuesday Blitz"]
[Site "Chess.com"]
[Date "2020.06.02"]
[Round "5"]
[White "Chesstrainer1"]
[Black "HanSchut"]
[Result "0-1"]
[WhiteElo "2401"]
[BlackElo "2212"]
[TimeControl "180+1"]
[EndTime "10:55:18 PDT"]
[Termination "HanSchut won by resignation"]

1. Nf3 Nf6 2. c4 c5 3. Nc3 d5 4.
cxd5 Nxd5 5. g3 Nc6 6. Bg2 Nc7 7.
a3 e5 8. b4 cxb4 9. axb4 b5 10.
Rb1 f6 11. Ba3 a5 12. Na2 Be6 13. Qc2 Qd7 14. Bb2 Bxa2 0-1

[Event "*** SCC Grand Prix: Titled Tuesday Blitz"]
[Site "Chess.com"]
[Date "2020.06.02"]
[Round "5"]
[White "davigator"]
[Black "Storchnoi"]
[Result "1-0"]
[WhiteElo "2315"]
[BlackElo "2037"]
[TimeControl "180+1"]
[EndTime "10:55:21 PDT"]
[Termination "davigator won by resignation"]

1. e4 c5 2. Nf3 Nc6 3. d4 cxd4 4. Nxd4 Nf6 5. Nc3 d6 6. Bg5 e6 7. f4 Qb6 8. Nb3 Qe3+ 9. Qe2 Ng4 10. Nd1 Qxe2+ 11. Bxe2 h6 12. Bh4 Nf6 13. Bxf6 gxf6 14. Nc3 a6 15. Bh5 Bd7 16. O-O-O O-O-O 17. Bxf7 Rh7 18. Bg6 Rg7 19. f5 Ne5 20. fxe6 Bxe6 21. Bf5 Bxf5 22. exf5 Rxg2 23. Nd5 Rf2 24. Rdf1 Rxf1+ 25. Rxf1 Nd7 26. Nd4 Re8 27. Ne6 Be7 28. Rg1 Nc5 29.
Ng7 Rg8 30. Nxe7+ 1-0

[Event "*** SCC Grand Prix: Titled Tuesday Blitz"]
[Site "Chess.com"]
[Date "2020.06.02"]
[Round "5"]
[White "Omk124"]
[Black "kasparicy"]
[Result "1-0"]
[WhiteElo "2437"]
[BlackElo "2215"]
[TimeControl "180+1"]
[EndTime "10:55:30 PDT"]
[Termination "Omk124 won by resignation"]

1. e4 c5 2. Nf3 d6 3. d4 cxd4 4. Nxd4 Nf6 5. Nc3 a6 6. Bc4 e6 7. Bb3 Nbd7 8. O-O Nc5 9. Re1 Be7 10. f4 O-O 11. e5 Ne8 12. Be3 Qc7 13. Bf2 b5 14. a3 Bb7 15. Ba2 Rd8 16. Qg4 d5 17. Rad1 f5 18. exf6 Nxf6 19. Nxe6 Nxg4 20. Nxc7 Nxf2 21.
Kxf2 Rxf4+ 22. Kg1 Ne4 23. Nxe4 Kh8 24. Nxd5 Bxd5 25.
Rxd5 Rxd5 26. Bxd5 h5 27. g3 Rf5 28. Bb3 b4 29. a4 1-0

[Event "*** SCC Grand Prix: Titled Tuesday Blitz"]
[Site "Chess.com"]
[Date "2020.06.02"]
[Round "5"]
[White "GMSrinath"]
[Black "gurelediz"]
[Result "1-0"]
[WhiteElo "2796"]
[BlackElo "2604"]
[TimeControl "180+1"]
[EndTime "10:55:33 PDT"]
[Termination "GMSrinath won by resignation"]

1. c4 c5 2. Nf3 Nc6 3. e3 Nf6 4. d4 cxd4 5. exd4 d5 6. Nc3 e6 7. c5 Be7 8. Rb1 O-O 9. Be2 Ne4 10. O-O Nxc3 11. bxc3 Bf6 12. Bf4 Re8 13. Bb5 Bd7 14.
h3 h6 15. Re1 Qa5 16. Qd2 g5 17. Be3 Qc7 18. h4 g4 19. Bf4 Qa5 20. Ne5 Bxe5 21.
dxe5 h5 22. Bh6 Kh7 23. Bd3+ 1-0

[Event "*** SCC Grand Prix: Titled Tuesday Blitz"]
[Site "Chess.com"]
[Date "2020.06.02"]
[Round "5"]
[White "Gandrade2"]
[Black "kingofkolkata"]
[Result "1-0"]
[WhiteElo "2022"]
[BlackElo "2180"]
[TimeControl "180+1"]
[EndTime "10:55:37 PDT"]
[Termination "Gandrade2 won by resignation"]

1. d4 d5 2. c4 e6 3. cxd5 exd5 4. Nc3 Nf6 5. Bg5 Nbd7 6. e3 Be7 7. Bd3 c6 8. Qc2 O-O 9. Nge2 h6 10. Bh4 Ne4 11.
Bxe7 Qxe7 12. Nxe4 dxe4 13. Bxe4 Nf6 14. Bd3 Ng4 15. h3 Nf6 16. O-O Be6 17. Nf4 Nd5 18. Nxe6 Qxe6 19. Bc4 Qg6 20. Qxg6 fxg6 21. e4 b5 22. Bb3 Rad8 23. exd5 cxd5 24. Rac1 a5 25. a3 a4 26. Ba2 Rf4 27. Rfd1 Rdf8 28. Rd2 g5 29. Bxd5+ Kh8 30. Rc5 g4 31. hxg4 Rxg4 32. Rxb5 Rf5 33. Rb8+ Kh7 34. Be6 1-0

[Event "*** SCC Grand Prix: Titled Tuesday Blitz"]
[Site "Chess.com"]
[Date "2020.06.02"]
[Round "5"]
[White "neurisdr"]
[Black "AverageRecord"]
[Result "0-1"]
[WhiteElo "2767"]
[BlackElo "3014"]
[TimeControl "180+1"]
[EndTime "10:55:38 PDT"]
[Termination "AverageRecord won by resignation"]

1. e4 e5 2. Nf3 Nf6 3. Nc3 Nc6 4. Be2 d5 5. exd5 Nxd5 6. O-O Nxc3 7. bxc3 Bd6 8. d4 O-O 9. h3 h6 10. Bd3 exd4 11.
cxd4 Qf6 12. c3 Bf5 13. Rb1 b6 14. Rb5 Bxd3 15. Qxd3 Rfe8 16. Be3 Rad8 17. Nd2 Ne7 18. Rd1 c6 19. Ne4 Qg6 20. Rb2 Bc7 21. Re2 f5 22.
Ng3 f4 23. Bxf4 Qxd3 24. Rxd3 Bxf4 25. Nh5 Nd5 0-1

[Event "*** SCC Grand Prix: Titled Tuesday Blitz"]
[Site "Chess.com"]
[Date "2020.06.02"]
[Round "5"]
[White "gemarin"]
[Black "konradrutkowski"]
[Result "0-1"]
[WhiteElo "2018"]
[BlackElo "2352"]
[TimeControl "180+1"]
[EndTime "10:55:39 PDT"]
[Termination "konradrutkowski won by resignation"]

1. d4 Nf6 2. c4 g6 3. Nc3 Bg7 4.
e4 O-O 5. Nf3 d6 6. Be2 e5 7. d5 a5 8. Bg5 h6 9. Bh4 Na6 10. Nd2 Nc5 11. Rb1 Bd7 12. b3 Qe8 13.
O-O Nh7 14. a3 f5 15. f3 h5 16. Bf2 Bh6 17. b4 axb4 18. axb4 Na4 19. Nxa4 Rxa4 20.
c5 Ra2 21. Nc4 Ba4 22. Qd3 Bc2 0-1

[Event "*** SCC Grand Prix: Titled Tuesday Blitz"]
[Site "Chess.com"]
[Date "2020.06.02"]
[Round "5"]
[White "dianamirza"]
[Black "tomasdanada"]
[Result "0-1"]
[WhiteElo "2010"]
[BlackElo "2233"]
[TimeControl "180+1"]
[EndTime "10:55:40 PDT"]
[Termination "tomasdanada won by resignation"]

1. e4 c6 2. d4 d5 3. exd5 cxd5 4.
Bd3 Nc6 5. c3 Qc7 6. h3 Nf6 7.
Nf3 g6 8. Bg5 Bg7 9. Bh4 Bf5 10.
Bg3 Qb6 11. Bxf5 gxf5 12. Qc2 Ne4 13. O-O e6 14. Nbd2 Rg8 15. Nxe4 dxe4 16. Ne5 Bxe5 17. dxe5 O-O-O 18. a4 Rxg3 19. b4 Rdg8 20. a5 Rxg2+ 21. Kh1 Qc7 22. b5 Qxe5 23. f4 exf3 0-1

[Event "*** SCC Grand Prix: Titled Tuesday Blitz"]
[Site "Chess.com"]
[Date "2020.06.02"]
[Round "5"]
[White "TigranMukhutdinov"]
[Black "chesslh19"]
[Result "1-0"]
[WhiteElo "2454"]
[BlackElo "2184"]
[TimeControl "180+1"]
[EndTime "10:55:41 PDT"]
[Termination "TigranMukhutdinov won by resignation"]

1. Nf3 Nf6 2. g3 e6 3. Bg2 d5 4. O-O Be7 5. c4 O-O 6. d4 dxc4 7. Ne5 Nc6 8. Bxc6 bxc6 9. Nxc6 Qe8 10. Nxe7+ Qxe7 11. Qc2 c5 12. Qxc4 cxd4 13. Qxd4 e5 14. Qh4 Qe6 15. Bg5 Rb8 16. Bxf6 Qxf6 17. Qxf6 gxf6 18.
b3 Ba6 19. Nc3 Kg7 20. Rfc1 Rfd8 21. Kf1 Rd2 22. Ke1 Rd7 23. Ne4 Rd4 24. Nc5 Bc8 25. Rd1 Rxd1+ 26. Rxd1 Bf5 27. f3 h5 28. e4 Bh3 29.
Rd6 Rb5 30. Rd5 Rb7 1-0